AoeStats
← Horst der Graue

MegaRandom

510384563Analyzed
2v2 RM · 1d ago on Sep 30, 2026· 38m 55s· 4 players
Game mode
Random Map
Map size
Medium (4 player)
Population
200
Speed
Normal
Resources
Standard
Victory
Conquest
Starting age
Dark Age
Ending age
Imperial Age
RankedLock teamsTeams togetherTeam positionsShared explorationLock speedFull tech treeHidden civsTurbo modeCheats
Victory
Defeat
🇪🇸 Persians · Spain
1333
+10
🇲🇽 Malay · Mexico
1102
+19
🇩🇪 Saxons · Germany
1192
-15
🇩🇪 Berbers · Germany
1178
-14
Horst der Graue
5:04 Loom
10:05 Feudal Age
10:52 Double-Bit Axe
10:35 Man-at-Arms
20:57 Castle Age
19:56 Horse Collar
20:12 Gold Mining
20:16 Fletching
22:28 Scale Mail Armor
21:56 Pikeman
22:46 Squires
Fritz der Gewissenlose
4:59 Loom
9:54 Feudal Age
10:36 Double-Bit Axe
17:59 Fletching
22:26 Castle Age
22:40 Scale Barding Armor
22:47 Forging
23:24 Bloodlines
28:42 Husbandry
stiven15678
5:26 Loom
8:16 Feudal Age
8:42 Double-Bit Axe
9:38 Horse Collar
19:33 Castle Age
18:35 Bloodlines
19:10 Scale Barding Armor
20:11 Forging
25:40 Chain Barding Armor
28:12 Husbandry
32:25 Fletching
36:12 Heavy Plow
36:24 Bow Saw
36:51 Wheelbarrow
37:29 Town Watch
bayruZ
6:56 Loom
9:26 Feudal Age
11:56 Double-Bit Axe
13:39 Fletching
14:38 Town Watch
23:50 Castle Age
22:27 Forging
22:26 Padded Archer Armor
23:05 Crossbowman
24:30 Pikeman
25:50 Squires
31:34 Bodkin Arrow
31:47 Horse Collar
32:18 Bow Saw
33:22 Wheelbarrow
34:19 Thumb Ring
34:51 Arson
37:56 Husbandry
40:57 Imperial Age
Connection lost

Rejoining the realm…

Still unreachable

The connection could not be restored.

Session expired

The server has moved on; the page needs a fresh start.